 Dungeon Crawl Stone Soup version 0.26-a0-737-g4e9f4955e2 (webtiles) character file.

Game seed: 10768191372902210283

156 Triangle the Skirmisher (level 5, -3/47 HPs)
             Began as a Hill Orc Monk on Nov 4, 2020.
             Slain by a worker ant (6 damage)
             ... on level 3 of the Dungeon.
             The game lasted 00:07:47 (3845 turns).

Triangle the Skirmisher (Hill Orc Monk)             Turns: 3845, Time: 00:07:48

Health: -3/47      AC:  2    Str: 14    XL:     5   Next: 37%
Magic:  5/5        EV: 20    Int: 10    God:
Gold:   155        SH:  3    Dex: 14    Spells: 4/4 levels left

rFire    . . .     SeeInvis .   a - +0 short sword
rCold    . . .     Faith    .   h - +0 buckler
rNeg     . . .     Spirit   .   b - +0 robe
rPois    .         Reflect  .   (no helmet)
rElec    .         Harm     .   (no cloak)
rCorr    .         Rampage  .   (no gloves)
MR       .....                  (no boots)
Stlth    ++........             (no amulet)
HPRegen  0.15/turn              g - +4 ring of evasion
MPRegen  0.09/turn              m - +4 ring of evasion

@: lethally poisoned (-3 -> -4)
A: no striking features
a: no special abilities


You were on level 3 of the Dungeon.
You visited 1 branch of the dungeon, and saw 4 of its levels.

You collected 155 gold pieces.

Inventory:

Hand Weapons
 a - a +0 short sword (weapon)
Armour
 b - a +0 robe (worn)
 h - a +0 buckler (worn)
Jewellery
 g - a +4 ring of evasion (left hand)
 m - a +4 ring of evasion (right hand)
 n - an uncursed ring of ice
Scrolls
 c - a scroll of fear {unknown}
 d - a scroll of identify {unknown}
 i - 2 scrolls of teleportation
 j - a scroll of remove curse {unknown}
 k - a scroll of enchant weapon {unknown}
 l - a scroll of noise {unknown}
Potions
 f - a potion of might {unknown}


   Skills:
 + Level 4.6 Fighting
 + Level 3.9 Short Blades
 + Level 3.2 Dodging
 + Level 2.6 Stealth


You had 4 spell levels left.
You didn't know any spells.
Your spell library contained the following spells:

 Spells                   Type           Power        Failure   Level
 Animate Skeleton         Necr           #.....       54%         1
 Apportation              Tloc           #.....       54%         1
 Corona                   Hex            #......      54%         1
 Summon Small Mammal      Summ           #...         54%         1


Dungeon Overview and Level Annotations

Branches:
Dungeon (4/15)
 Temple: D:4-7

Altars:
Elyvilon

Shops:
D:4 ?


Message History

You hit the orc but do no damage.
The orc is almost dead.
You block the orc's attack. The worker ant bites you.
* * * LOW HITPOINT WARNING * * *
You barely miss the orc.
The orc is almost dead.
The worker ant completely misses you. The orc closely misses you.
You hit the orc but do no damage.
The orc is almost dead.
The worker ant misses you. The orc closely misses you.
You hit the orc but do no damage.
The orc is almost dead.
You block the worker ant's attack.
You hit the orc but do no damage.
The orc is almost dead.
You feel sick. You block the orc's attack. You block the worker ant's attack.
You closely miss the orc.
The orc is almost dead.
The orc closely misses you. The worker ant bites you.
You die...

#...).....######### #(......†...
.##.).............# #.##########
###.###.#.#######.# ##.## # #)#
#.#.# #.###...##### ###.###.#.#
#...........# .....##.#.#
#).##...###.# ###..##.#.#####
#>.###.## #.#
###...........###B.###.####.#####
##...##.#.......@o...............
........#####......)....###.####.
##...#### #####...#<......##..≈
##.## #......###..##..##≈≈≈ #.#
#######.####..#...##..##..≈ #.#
#........###..........##.≈≈ # #.#
#.#...(...)..#.#...#...(.≈≈ #
#.###.#.###..###.#........##≈≈≈ #
#.#.....# #...............##.≈≈


You could see a worker ant and an orc.

Vanquished Creatures
  A worker ant (D:3)
  4 adders
  2 oozes (D:3)
  2 worms
  3 dart slugs
  5 leopard geckos
  2 orcs (D:3)
  5 bats
  4 giant cockroaches (D:3)
  4 goblins
  8 hobgoblins
  4 jackals
  7 kobolds
  2 quokkas (D:2)
  A ball python (D:3)
  12 frilled lizards
  5 rats
71 creatures vanquished.

Notes
Turn   | Place    | Note
-------+----------+-------------------------------------------
     0 | D:1      | Triangle the Hill Orc Monk began the quest for the Orb.
     0 | D:1      | Reached XP level 1. HP: 19/19 MP: 1/1
   280 | D:1      | Reached XP level 2. HP: 24/27 MP: 2/2
   586 | D:1      | Reached XP level 3. HP: 29/33 MP: 3/3
   695 | D:1      | Reached skill level 4 in Fighting
  2188 | D:3      | Reached XP level 4. HP: 35/40 MP: 4/4
  2374 | D:3      | Found a faded altar of an unknown god.
  2570 | D:3      | Found a white marble altar of Elyvilon.
  2872 | D:3      | You fall into a shaft and drop 1 floor!
  2904 | D:3      | Reached XP level 5. HP: 29/47 MP: 5/5
  3796 | D:4      | Found Namputs's Magic Scroll Emporium.
  3798 | D:4      | Noticed a phantom
  3845 | D:3      | Slain by a worker ant

Illustrated notes

Levels and vault maps discovered:
D:1:      nicolae_arrival_memento_mori, layout_loops_ring
D:2:      layout_loops_corners
D:3:      layout_loops_ring, chequers_ecumenical_altar_island, elyvilon_altar_3
D:4:      layout_cave_pools, fedhas_altar_2, minmay_temple_entry_wispy,
          serial_shops, nicolae_shop_stone, minmay_strange_pillars

Skill      XL: |  1  2  3  4 |
---------------+-------------+-----
Stealth        | 2 |  2.6
Fighting       | 4 |  4.6
Dodging        | 3 |  3.2
Short Blades   | |  3.9

Action                   |  1- 3 |  4- 6 || total
-------------------------+-------+-------++-------
Melee: Short sword       |   130 |   189 ||   319
  Use: Scroll            |       |     1 ||     1
       Potion            |       |     1 ||     1
 Stab: Sleeping          |     6 |     4 ||    10
Armor: Robe              |    16 |    18 ||    34
Dodge: Dodged            |    64 |   132 ||   196
Block: Buckler           |     9 |    29 ||    38

Table legend: (Time is in decaauts)
 A = Elapsed time spent in this place.
 B = Non-inter-level travel time spent in this place.
 C = Inter-level travel time spent in this place.
 D = Time resting spent in this place.
 E = Time spent auto-exploring this place.
 F = Levels seen in this place.
 G = Mean time per level.
                   A        B        C        D        E       F      G
               +--------+--------+--------+--------+--------+-----+--------+
         Total |   3835 |   3752 |     83 |   1243 |   1739 |   4 |  958.8 |
       Dungeon |   3835 |   3752 |     83 |   1243 |   1739 |   4 |  958.8 |
               +--------+--------+--------+--------+--------+-----+--------+

Top non-repeatable levels by time:
     D:3: 1677 daAuts
     D:1: 1138 daAuts
     D:2: 986 daAuts
     D:4: 32 daAuts
